Map: Blueshift LE

Players

Bombs

  • Race: Terran Terran
  • Spawn Location: 7:00

A.I. 2 (Elite) - Winner!

  • Race: Terran Terran
  • Spawn Location: 1:00

VOD

Have the link to the VOD?

Description

Time

  • Played on: Feb. 15, 2019, 11:39 a.m.
  • Length: 10:54
Show
View Real Time Build Order
Export as new Build Order

Bombs Terran 

Build Orders: Gas First Reaper Expand 

Get SALT Encoding   

  12  0:00  SCV  
  13  0:13  SCV  
  14  0:18  Supply Depot  
  14  0:25  SCV  
  15  0:29  Refinery  
  15  0:40  SCV  
  16  0:46  Barracks  
  16  0:52  SCV  
  17  1:04  SCV  
  18  1:16  SCV  
  19  1:34  Orbital Command, Reaper  
  20  1:48  Command Center  
  20  2:00  Factory  
  20  2:03  SCV  
  21  2:12  Supply Depot  
  21  2:15  Reaper, SCV  
  23  2:26  Refinery  
  23  2:33  SCV  
  24  2:45  SCV  
  24  2:46  Hellion, Starport  
  27  2:56  Reaper  
  27  2:57  SCV  
  29  3:00  Orbital Command  
  29  3:07  Hellion  
  29  3:10  SCV  
  32  3:22  SCV  
  32  3:24  Viking  
  36  3:27  SCV  
  36  3:31  Supply Depot  
  36  3:33  Barracks Reactor  
  36  3:34  Factory Tech Lab, SCV  
  37  3:39  SCV  
  38  3:46  Engineering Bay, SCV  
  39  3:51  SCV  
  39  3:54  Supply Depot  
  40  3:56  Cyclone  
  40  3:58  SCV  
  44  4:03  SCV  
  45  4:10  SCV  
  45  4:14  Marine x2  
  45  4:15  SCV  
  49  4:19  Supply Depot  
  49  4:22  SCV  
  50  4:27  SCV  
  54  4:34  Siege Tank, Command Center  
  54  4:35  SCV  
  54  4:36  Marine x2  
  57  4:39  SCV  
  57  4:44  Supply Depot  
  58  4:47  Terran Infantry Weapons Level 1, SCV  
  58  4:51  SCV  
  60  4:59  Marine x2, SCV  
  63  5:04  SCV  
  63  5:05  Barracks  
  64  5:07  Barracks  
  64  5:09  Supply Depot  
  64  5:11  Siege Tank, SCV  
  64  5:12  Starport Reactor  
  68  5:16  SCV  
  68  5:18  Refinery  
  68  5:19  Refinery  
  69  5:24  Supply Depot  
  69  5:26  Marine x2  
  69  5:27  SCV  
  72  5:31  SCV  
  73  5:39  SCV  
  73  5:42  Barracks  
  74  5:43  SCV  
  74  5:45  Marine, Barracks, Siege Tank  
  74  5:46  Marine  
  74  5:48  Orbital Command  
  80  5:51  SCV  
  80  5:54  Barracks Tech Lab  
  80  5:55  Barracks Tech Lab  
  80  5:56  SCV  
  82  6:03  SCV  
  82  6:04  Medivac x2  
  85  6:06  Marine x2  
  85  6:08  SCV  
  85  6:10  Orbital Command, Supply Depot  
  90  6:15  SCV  
  91  6:20  Siege Tank  
  91  6:21  Stimpack  
  91  6:24  Combat Shield  
  94  6:26  Marine x2  
  94  6:27  Supply Depot x2  
  94  6:29  SCV  
  94  6:30  SCV  
  98  6:33  Barracks Reactor x2  
  98  6:36  SCV  
  99  6:42  SCV x2  
  99  6:46  Marine  
  99  6:47  Marine  
  102  6:48  SCV  
  102  6:49  Marine x2  
  102  6:50  Supply Depot  
  102  6:51  Supply Depot  
  102  6:54  Terran Infantry Armor Level 1, SCV x2  
  107  7:00  SCV  
  109  7:03  Siege Tank  
  109  7:04  Marine x2  
  109  7:06  Marine, SCV x2  
  109  7:08  Refinery, Factory  
  117  7:09  Refinery  
  117  7:10  Marine x3  
  117  7:11  Marine  
  117  7:12  SCV  
  122  7:18  SCV x2  
  122  7:20  Supply Depot  
  122  7:22  Marine  
  124  7:23  Marine x2  
  124  7:24  Marine, SCV  
  124  7:28  Marine x2  
  131  7:30  Marine, SCV x2  
  131  7:31  Marine  
  131  7:36  SCV  
  136  7:40  Marine x3  
  136  7:42  Marine, Siege Tank, SCV  
  144  7:45  Marine  
  144  7:48  Engineering Bay  
  144  7:50  Armory  
  145  7:52  Factory Tech Lab  
  145  7:55  Medivac x2, Marine  
  145  7:57  Supply Depot  
  150  8:00  Marine  
  150  8:01  Marine x5, Supply Depot  
  150  8:03  Marine  
  157  8:10  Sensor Tower  
  155  8:13  Marine  
  155  8:16  Sensor Tower  
  155  8:18  Marine x2  
  158  8:29  Medivac, Siege Tank  
  160  8:38  Medivac, Marine x2, Siege Tank  
  160  8:39  Marine x6  
  173  8:57  Command Center  
  173  9:21  Marine x2, Medivac, Siege Tank  
  180  9:29  SCV  
  180  9:30  SCV  
  182  9:40  Marine x8  
  182  9:42  Siege Tank  
  193  9:52  Barracks  
  193  9:53  Barracks  
  193  9:55  Barracks, Factory  
  193  9:57  Marine  
  193  9:58  Marine x3  
  197  10:08  Marine x3  
  197  10:09  Planetary Fortress  
  197  10:11  Missile Turret  
  193  10:25  Marine x4  
  193  10:26  Marine x4  
Show
View Real Time Build Order
Export as new Build Order

A.I. 2 (Elite) Terran - Winner!

Build Orders:  

Get SALT Encoding   

  12  0:00  SCV  
  13  0:13  SCV  
  14  0:18  Supply Depot  
  14  0:25  SCV  
  15  0:39  SCV  
  15  0:41  Barracks  
  16  0:52  SCV  
  17  1:04  SCV  
  18  1:16  SCV  
  18  1:17  Supply Depot  
  19  1:20  Refinery  
  19  1:28  Marine, SCV  
  21  1:40  SCV  
  21  1:46  Marine  
  23  1:50  Refinery  
  23  1:52  SCV  
  24  2:04  Marine, SCV  
  26  2:16  SCV  
  26  2:20  Factory  
  26  2:22  Marine  
  28  2:28  SCV  
  29  2:39  Marine, Factory  
  29  2:40  SCV  
  29  2:42  Supply Depot  
  31  2:54  Orbital Command  
  31  3:04  Marine, Factory Tech Lab  
  32  3:19  SCV  
  33  3:21  Marine, Command Center  
  33  3:23  Factory Tech Lab  
  34  3:31  SCV  
  35  3:43  SCV  
  36  3:55  SCV  
  37  4:00  Barracks  
  37  4:07  SCV  
  37  4:09  Supply Depot  
  38  4:19  SCV  
  39  4:30  Siege Tank x2  
  45  4:31  SCV  
  45  4:33  Marine, Supply Depot, SCV  
  48  4:42  Supply Depot  
  48  4:44  SCV  
  48  4:45  SCV  
  50  4:56  SCV  
  50  4:57  SCV  
  52  5:01  Supply Depot  
  52  5:02  Siege Tank x2  
  52  5:03  Marine, Barracks Tech Lab  
  59  5:08  SCV  
  59  5:09  SCV  
  61  5:20  SCV  
  61  5:21  Marauder, Marine, SCV  
  64  5:27  Stimpack  
  66  5:31  Barracks  
  66  5:35  Starport  
  66  5:36  Command Center  
  66  5:39  Marine  
  66  5:42  Marauder  
  69  5:58  Barracks Tech Lab  
  69  6:02  Engineering Bay  
  69  6:04  Marauder  
  71  6:13  Starport Reactor  
  71  6:17  Marauder, Marine  
  74  6:25  Marauder  
  76  6:29  Terran Infantry Weapons Level 1  
  76  6:30  Supply Depot  
  76  6:33  Combat Shield  
  76  6:37  Barracks Reactor  
  76  6:38  Marauder  
  78  6:46  Marauder  
  80  7:00  Marauder  
  82  7:02  Refinery  
  82  7:05  Refinery  
  82  7:09  Marine  
  82  7:11  Engineering Bay  
  82  7:13  Marine  
  82  7:15  Orbital Command  
  84  7:21  Marauder  
  86  7:26  Command Center  
  86  7:28  Concussive Shells  
  87  7:30  SCV  
  87  7:32  SCV  
  87  7:36  Terran Infantry Armor Level 1  
  90  7:37  Marauder  
  90  7:42  Missile Turret, SCV  
  90  7:43  SCV  
  92  7:49  Missile Turret  
  92  7:57  Barracks  
  92  7:58  Medivac  
  94  8:02  Medivac  
  94  8:04  Marine  
  97  8:10  Marine, Supply Depot  
  98  8:20  Siege Tank  
  98  8:22  Marauder  
  97  8:27  Marine  
  97  8:28  Marine, Marauder  
  69  8:39  SCV  
  70  8:41  SCV  
  70  8:43  Marine  
  70  8:44  Marauder, SCV  
  70  8:45  Marine  
  70  8:46  Marine, SCV  
  78  8:49  Marine  
  78  8:53  SCV  
  78  8:55  SCV  
  81  8:56  SCV  
  81  8:58  SCV  
  81  9:01  Marine  
  84  9:04  Marine  
  84  9:05  SCV  
  84  9:07  Marine, SCV  
  84  9:08  Marauder  
  84  9:09  SCV  
  91  9:10  SCV  
  91  9:13  Marine  
  93  9:17  SCV  
  93  9:19  Marine, SCV  
  93  9:21  SCV  
  93  9:22  Marine  
  93  9:23  SCV  
  99  9:25  Marine  
  99  9:28  Marine  
  99  9:29  SCV  
  99  9:31  Marine, SCV  
  103  9:35  Siege Tank  
  103  9:37  Marine  
  103  9:38  Liberator  
  108  9:39  Siege Tank  
  108  9:40  Marine, Liberator  
  108  9:43  Marine  
  113  9:50  Supply Depot  
  119  10:07  Siege Tank  
  119  10:11  Siege Tank  
  119  10:12  Refinery  
  119  10:14  Supply Depot  
  125  10:17  Marine x3  
  125  10:18  Marine x2  
  107  10:27  Refinery  
  80  10:34  Marine  
  80  10:35  Marine x3  
Tags
 
Add a new tag
Caveats
  • Supply blocks, unpowered buildings, or Contaminate may cause inaccurate times.
  • Supply counts are checked every 10 seconds.